 Dungeon Crawl Stone Soup version 0.17.1-2-g5865329 (webtiles) character file.

17879 Peloso the Blocker (level 12, -31/117 HPs)
             Began as a Minotaur Fighter on Feb 13, 2016.
             Was the Champion of Okawaru.
             Annihilated by an enormous slime creature (65 damage)
             ... on level 12 of the Dungeon.
             The game lasted 00:44:56 (12703 turns).

Peloso the Blocker (Minotaur Fighter)              Turns: 12703, Time: 00:44:59

Health: -31/117    AC: 23    Str: 24    XL:     12   Next: 22%
Magic:  11/11      EV: 12    Int:  5    God:    Okawaru [******]
Gold:   667        SH: 14    Dex: 22    Spells: 0 memorised, 11 levels left

rFire  . . .     SeeInvis .     a - +0 long sword (elec)
rCold  . . .     Clarity  .     d - +0 plate armour
rNeg   . . .     SustAt   .     c - +0 shield
rPois  .         Gourm    .     (helmet restricted)
rElec  .         Spirit   .     w - +2 cloak
rCorr  +         Warding  .     Y - +2 pair of gloves of the Moneychanger {+Inv}
rMut   .         Stasis   .     W - +0 pair of boots
MR     .....                    q - amulet of resist corrosion
Stlth  ..........               X - +4 ring of dexterity
                                f - +6 ring of dexterity

@: not resistant to hostile enchantments, extremely unstealthy
A: retaliatory headbutt, horns 2, robust 1
a: Heroism, Finesse, Renounce Religion, Evoke Invisibility


You were on level 12 of the Dungeon.
You worshipped Okawaru.
Okawaru was exalted by your worship.
You were not hungry.

You visited 2 branches of the dungeon, and saw 13 of its levels.
You also visited: Bailey.

You collected 732 gold pieces.
You spent 65 gold pieces at shops.

Inventory:

Hand Weapons
 a - a +0 long sword of electrocution (weapon)
 b - a +1 scimitar of slicing
 p - the +2 rapier of Chaos {antimagic, rElec rF- MR+}
   (Okawaru gifted it to you on level 11 of the Dungeon)

   It disrupts the flow of magical energy around spellcasters and certain
   magical creatures (including the wielder).
   It makes you vulnerable to fire.
   It insulates you from electricity.
   It affects your resistance to hostile enchantments.
Armour
 c - a +0 shield (worn)
 d - a +0 plate armour (worn)
 w - a +2 cloak (worn)
 W - a +0 pair of boots (worn)
 Y - the +2 pair of gloves of the Moneychanger (worn) {+Inv}
   (You found it on level 9 of the Dungeon)

   It lets you turn invisible.
Jewellery
 f - a +6 ring of dexterity (left hand)
 q - an amulet of resist corrosion (around neck)
 M - an uncursed amulet of stasis
 X - a +4 ring of dexterity (right hand)
Wands
 r - a wand of fireball (10)
 y - a wand of slowing (24)
 J - a wand of confusion (9)
 O - a wand of slowing (19)
 U - a wand of polymorph (5)
Scrolls
 g - 2 scrolls of remove curse
 j - 2 scrolls of recharging
 l - 7 scrolls of teleportation
 n - 3 scrolls of enchant armour
 o - 2 scrolls of enchant weapon
 A - 3 scrolls of magic mapping
 C - 2 scrolls of fog
 K - a scroll of amnesia
Potions
 k - 13 potions of curing
 t - 2 potions of brilliance
 u - 4 potions of mutation {unknown}
 v - 7 potions of heal wounds {unknown}
 x - a potion of poison {unknown}
 z - 2 potions of haste {unknown}
 D - a potion of lignification {unknown}
 E - a potion of degeneration {unknown}
 F - a potion of berserk rage {unknown}
 G - a potion of resistance
 H - 2 potions of magic {unknown}
 I - 3 potions of cure mutation {unknown}
 S - 3 potions of agility {unknown}
Comestibles
 e - 13 bread rations
 h - 5 royal jellies
 i - 12 chunks of flesh
 m - 3 beef jerkies
 s - 5 meat rations
 B - 4 fruits
 L - a slice of pizza


   Skills:
 + Level 10.5 Fighting
 + Level 12.1 Long Blades
 + Level 11.4 Armour
 + Level 7.4 Dodging
 + Level 1.1 Stealth
 + Level 12.5 Shields
 + Level 0.2 Invocations


You had 11 spell levels left.
You didn't know any spells.

Dungeon Overview and Level Annotations

Branches:
Dungeon (12/15)            Temple (1/1) D:4            Lair (0/8) D:10
    Orc (0/4) D:12

Altars:
Ashenzari
Cheibriados
Dithmenos
Elyvilon
Fedhas
Gozag
Makhleb
Nemelex Xobeh
Okawaru
Qazlal
Sif Muna
Trog
Vehumet
Yredelemnul
Zin
The Shining One
Beogh

Shops:
D:10 *

Annotations:
D:2 Terence


Innate Abilities, Weirdness & Mutations

You reflexively headbutt those who attack you in melee.
You have a pair of horns on your head.
You are robust (+10% HP).


Message History

You slash the enormous slime creature!
There is a sudden explosion of sparks!
The enormous slime creature is severely wounded.
You block the enormous slime creature's attack.
You slash the enormous slime creature!
There is a sudden explosion of sparks!
You headbutt the enormous slime creature.
The enormous slime creature is almost dead.
The enormous slime creature hits you!!!
* * * LOW HITPOINT WARNING * * *
You hit the enormous slime creature.
You headbutt the enormous slime creature!
The enormous slime creature is almost dead.
You block the enormous slime creature's attack.
Your plate armour prevents you from hitting the enormous slime creature.
The enormous slime creature is almost dead.
Your shield and plate armour prevent you from hitting the enormous slime creature.
You headbutt the enormous slime creature.
The enormous slime creature is almost dead.
The enormous slime creature hits you!!!
Ouch! That really hurt!
You die...

###### ########
#..... #......# ###
#..... #......# ...#
#..... #......#######
....# #.....
#......'.....##.....#
#.....
#......#####.@J.....+
#..... #####'##
####.....# ##.....
#.# ....# ....... #.#
#### ##..... #.##
###### #..# #>
########.#### ###'
#...........#
#####+#### #...
#...........#
#........######...


You could see an enormous slime creature.

Vanquished Creatures
  A slime creature (D:12)
  A centaur warrior (D:12)
  The ghost of Peloso the Blocker, a novice MiFi of Okawaru (Bailey)
  4 hill giants
  An unseen horror (D:11)
  Pikel (D:5)
  2 ugly things
  A manticore (D:10)
  The ghost of cada the Changer, a novice NaTm (D:5)
  3 trolls
  3 polar bears (D:10)
  A two-headed ogre (D:9)
  Prince Ribbit (D:5)
  Sigmund (D:5)
  A wyvern (D:8)
  2 deep elf magi
  2 hungry ghosts
  A wraith (D:12)
  8 yaks
  2 hippogriffs
  A water moccasin (D:8)
  A soldier ant (D:10)
  A wolf (D:10)
  3 ice beasts
  4 slaves (D:5)
  7 orc warriors
  A phantom (D:7)
  2 sky beasts
  3 necrophages (D:7)
  6 ogres
  A black bear (D:7)
  2 wasps
  5 centaurs
  10 big kobolds
  Blork the orc (D:5)
  6 giant frogs
  5 scorpions
  6 wights
  2 spriggan skeletons (D:11)
  6 electric eels (D:10)
  2 giant frog zombies
  3 centaur zombies
  4 crimson imps
  5 jellies
  A quasit (D:11)
  3 hounds
  8 orc wizards
  A gnoll shaman (D:4)
  Crazy Yiuf (D:2)
  5 orc priests
  An iguana (D:9)
  3 centaur skeletons (D:11)
  6 giant frog skeletons
  9 worker ants
  A giant frog simulacrum (D:10)
  4 hound zombies
  A mummy (D:7)
  A worker ant zombie (D:7)
  15 adders
  23 gnolls
  7 shadow imps
  An ufetubus (D:10)
  3 oozes
  An adder skeleton (D:7)
  An adder zombie (D:7)
  2 worms (D:3)
  12 giant geckos
  32 orcs
  4 ball pythons
  10 giant cockroaches
  18 hobgoblins
  12 jackals
  29 kobolds
  6 bats
  A giant gecko skeleton (D:4)
  A giant gecko zombie (D:7)
  5 giant newts
  4 goblins
  4 quokkas
  A quokka skeleton (D:4)
  A quokka zombie (D:9)
  15 rats
  A fungus (D:2)
379 creatures vanquished.

Vanquished Creatures (others)
  A quokka (D:2)
  A kobold (D:2)
2 creatures vanquished.

Grand Total: 381 creatures vanquished

Notes
Turn   | Place    | Note
--------------------------------------------------------------
     0 | D:1      | Peloso the Minotaur Fighter began the quest for the Orb.
     0 | D:1      | Reached XP level 1. HP: 19/19 MP: 0/0
   110 | D:1      | Reached XP level 2. HP: 22/27 MP: 1/1
   111 | D:1      | Reached skill level 4 in Shields
   799 | D:2      | Found a white marble altar of Elyvilon.
   827 | D:2      | Noticed Terence
   862 | D:2      | Reached XP level 3. HP: 25/33 MP: 2/2
  1508 | D:2      | Noticed Crazy Yiuf
  1514 | D:2      | Killed Crazy Yiuf
  1514 | D:2      | Reached skill level 1 in Dodging
  1514 | D:2      | Reached XP level 4. HP: 36/40 MP: 3/3
  1792 | D:3      | Reached XP level 5. HP: 29/46 MP: 4/4
  1860 | D:3      | Reached skill level 5 in Shields
  2700 | D:4      | Reached XP level 6. HP: 53/53 MP: 5/5
  2749 | D:4      | Found a white marble altar of Elyvilon.
  2795 | D:4      | Reached skill level 5 in Armour
  2800 | D:4      | Found a staircase to the Ecumenical Temple.
  2821 | D:4      | Found a snail-covered altar of Cheibriados.
  3125 | D:4      | Found a glowing silver altar of Zin.
  3276 | Temple   | Entered the Ecumenical Temple
  3282 | Temple   | Became a worshipper of Warmaster Okawaru
  3315 | D:5      | Entered Level 5 of the Dungeon
  3334 | D:5      | Reached XP level 7. HP: 26/60 MP: 6/6
  3392 | D:5      | Reached skill level 5 in Fighting
  3412 | D:5      | Noticed cada's ghost (novice NaTm)
  3430 | D:5      | Killed cada's ghost
  3430 | D:5      | Reached skill level 5 in Long Blades
  3430 | D:5      | Reached skill level 6 in Armour
  3607 | D:5      | Reached * piety under Okawaru
  3623 | D:5      | Reached XP level 8. HP: 57/69 MP: 7/7
  3708 | D:5      | Noticed Pikel
  3908 | D:5      | Noticed Prince Ribbit
  3918 | D:5      | Killed Prince Ribbit
  3918 | D:5      | Reached ** piety under Okawaru
  3918 | D:5      | Reached skill level 7 in Shields
  3933 | D:5      | Killed Pikel
  3933 | D:5      | Reached skill level 5 in Dodging
  4157 | D:5      | Reached XP level 9. HP: 54/78 MP: 8/8
  4424 | D:5      | Noticed Blork the orc
  4427 | D:5      | Noticed Sigmund
  4441 | D:5      | Killed Blork the orc
  4441 | D:5      | Reached skill level 8 in Shields
  4468 | D:5      | Killed Sigmund
  4821 | D:6      | Reached *** piety under Okawaru
  5639 | D:7      | Reached skill level 9 in Shields
  6168 | D:8      | Reached XP level 10. HP: 86/88 MP: 9/9
  6188 | D:8      | Reached **** piety under Okawaru
  6604 | D:8      | Reached skill level 10 in Shields
  7437 | D:9      | Got a pair of polished gloves
  7448 | D:9      | Identified the +2 pair of gloves of the Moneychanger {+Inv} (You found it on level 9 of the Dungeon)
  7962 | D:9      | Reached ***** piety under Okawaru
  8045 | D:10     | Entered Level 10 of the Dungeon
  8062 | D:10     | Found Dyiplihi's General Store.
  8106 | D:10     | Bought a scroll of identify for 26 gold pieces
  8106 | D:10     | Bought a potion of curing for 39 gold pieces
  8247 | D:10     | Reached skill level 10 in Armour
  8247 | D:10     | Reached XP level 11. HP: 68/97 MP: 10/10
  8311 | D:10     | Reached skill level 10 in Long Blades
  9174 | D:10     | Reached skill level 11 in Shields
  9365 | D:10     | Noticed a hill giant
  9374 | D:10     | Killed a hill giant
  9924 | D:10     | Found a staircase to the Lair.
 10153 | D:10     | Received a gift from Okawaru
 10187 | D:10     | Gained mutation: You are robust (+10% HP). [potion of beneficial mutation]
 10366 | D:11     | Reached skill level 1 in Stealth
 10522 | D:11     | Found a flagged portal.
 10530 | Bailey   | Entered a bailey
 10531 | Bailey   | Noticed Peloso's ghost (novice MiFi)
 10552 | Bailey   | Killed Peloso's ghost
 10909 | D:11     | Noticed a hill giant
 10917 | D:11     | Killed a hill giant
 11350 | D:11     | Killed an unseen horror
 11574 | D:11     | Noticed a hill giant
 11584 | D:11     | Killed a hill giant
 11584 | D:11     | Reached ****** piety under Okawaru
 11584 | D:11     | Received a gift from Okawaru
 11584 | D:11     | Reached skill level 10 in Fighting
 11584 | D:11     | Reached skill level 12 in Shields
 11587 | D:11     | Got an ivory rapier {god gift}
 11588 | D:11     | Identified the +2 rapier of Chaos {antimagic, rElec rF- MR+} (Okawaru gifted it to you on level 11 of the Dungeon)
 11820 | D:12     | Noticed a hill giant
 11821 | D:12     | Noticed a centaur warrior
 11822 | D:12     | Found a sparkling altar of Nemelex Xobeh.
 11830 | D:12     | Killed a hill giant
 11836 | D:12     | Killed a centaur warrior
 11890 | D:12     | Reached XP level 12. HP: 54/117 MP: 11/11
 12125 | D:12     | Found a staircase to the Orcish Mines.
 12501 | D:12     | Found a roughly hewn altar of Beogh.
 12703 | D:12     | Annihilated by an enormous slime creature

Action                   |  1- 3 |  4- 6 |  7- 9 | 10-12 || total
-------------------------+-------+-------+-------+-------++-------
Melee: Long sword        |    98 |   157 |   357 |   638 ||  1250
       Scimitar          |       |       |       |     2 ||     2
Invok: Heroism           |       |       |       |     2 ||     2
  Use: Potion            |       |       |     1 |     1 ||     2
       Scroll            |       |       |       |    21 ||    21
  Eat: Chunk             |     2 |     6 |     9 |    14 ||    31
       Meat ration       |       |       |       |     1 ||     1
       Fruit             |       |       |       |     1 ||     1
       Beef jerky        |       |       |       |     1 ||     1
       Pizza             |       |       |       |     1 ||     1
